 Dungeon Crawl Stone Soup version 0.18.1-5-g4a78601 (webtiles) character file.

21893 dodik the Severer (level 12, -30/113 HPs)
             Began as a Hill Orc Gladiator on May 13, 2016.
             Was a Priest of Ashenzari.
             Annihilated by Rupert
             ... wielding a +4 great sword of protection
              (40 damage)
             ... on level 5 of the Lair of Beasts.
             The game lasted 01:37:25 (18127 turns).

dodik the Severer (Hill Orc Gladiator)             Turns: 18127, Time: 01:37:25

Health: -30/113    AC: 13    Str: 29    XL:     12   Next: 94%
Magic:  15/15      EV: 13    Int: 15    God:    Ashenzari [***...]
Gold:   618        SH:  0    Dex: 14    Spells: 0 memorised, 11 levels left

rFire  + . .     SeeInvis +     y - +12 mace "Bath" {flame, Int+7}
rCold  + . .     Gourm    .     A - +1 ring mail {rF+}
rNeg   . . .     Faith    .     (no shield)
rPois  +         Spirit   .     c - +0 helmet
rElec  .         Dismiss  .     O - +1 cloak of Watchfulness {rPois} (curse)
rCorr  .         Reflect  .     H - +0 pair of gloves
SustAt .         Harm     .     (no boots)
MR     .....                    (no amulet)
Stlth  +.........               B - ring of protection from cold
                                J - +4 ring of strength

@: mighty, not resistant to hostile enchantments, very unstealthy
A: no striking features
a: Curse Item, Scrying, Renounce Religion


You were on level 5 of the Lair of Beasts.
You worshipped Ashenzari.
Ashenzari was most pleased with you.
You were not hungry.

You visited 3 branches of the dungeon, and saw 14 of its levels.

You collected 873 gold pieces.
You spent 255 gold pieces at shops.

Inventory:

Hand Weapons
 a - a +0 war axe
 s - a +0 flail of protection
 y - the +12 mace "Bath" (weapon) {flame, Int+7}
   (You found it on level 7 of the Dungeon)

   It has been specially enchanted to burn those struck by it, causing extra
   injury to most foes and up to half again as much damage against particularly
   susceptible opponents.
   It affects your intelligence (+7).
Missiles
 M - 3 poisoned javelins (quivered)
Armour
 c - a +0 helmet (worn)
 h - a troll hide {Snorg}
 A - a +1 ring mail of fire resistance (worn)
 H - a +0 pair of gloves (worn)
 O - the cursed +1 cloak of Watchfulness (worn) {rPois}
   (You found it on level 2 of the Lair of Beasts)

   It protects you from poison.
   It has a curse placed upon it.
Jewellery
 B - a ring of protection from cold (right hand)
 J - a +4 ring of strength (left hand)
Wands
 i - a wand of lightning (9/15)
 D - a wand of random effects (0/48)
 L - a wand of iceblast (10/15)
 W - a wand of acid (5/15)
 Z - a wand of paralysis (0/24)
Scrolls
 e - a scroll of blinking {unknown}
 g - 6 scrolls of teleportation
 l - a scroll of brand weapon {unknown}
 z - 2 scrolls of immolation
 E - 3 scrolls of magic mapping
 G - 2 scrolls of remove curse
 K - a scroll of vulnerability {unknown}
Potions
 v - 7 potions of flight
 C - a potion of agility
Miscellaneous
 Q - a legendary deck of summoning {drawn: 2}
Comestibles
 b - a bread ration
 d - a slice of pizza
 f - 18 chunks of flesh
 n - 9 meat rations


   Skills:
 * Level 12.7 Fighting
 + Level 18.1 Axes
 - Level 2.0 Throwing
 + Level 9.5 Armour
 - Level 4.0 Dodging
 + Level 5.1 Evocations


You had 11 spell levels left.
You didn't know any spells.

Dungeon Overview and Level Annotations

Branches:
Dungeon (8/15)             Temple (1/1) D:4            Lair (5/8) D:8
 Spider (0/4) Lair:3
  Swamp: Lair:3-6    Shoals: Lair:3-6

Altars:
Ashenzari
Cheibriados
Dithmenos
Elyvilon
Fedhas
Gozag
Kikubaaqudgha
Makhleb
Nemelex Xobeh
Okawaru
Pakellas
Qazlal
Ru
Sif Muna
Trog
Vehumet
Xom
Yredelemnul
Zin
The Shining One

Shops:
D:7 !

Annotations:
Lair:5 Rupert


Message History

Read which item? (? for menu, Esc to quit)
Okay, then.
The elephant is no longer covered in acid.
The elephant tramples dodik's illusion but does no damage.
The elephant trunk-slaps dodik's illusion but does no damage.
Dodik's illusion hits the elephant!
Dodik's illusion burns the elephant.
Rupert closely misses you.
You bludgeon Rupert!! You burn Rupert.
Rupert is almost dead.
The elephant tramples dodik's illusion!
Dodik's illusion holds its ground!
The elephant trunk-slaps dodik's illusion but does no damage.
Dodik's illusion hits the elephant but does no damage.
Rupert hits you with a great sword of protection!!
* * * LOW HITPOINT WARNING * * *
Drink which item? (? for menu, Esc to quit)
You feel better.
The elephant completely misses dodik's illusion.
The elephant barely misses dodik's illusion.
Rupert hits you with a great sword of protection!!!
You die...

, ...........#.#
*##..........)......##
##.............##...P#
..........)....#...###
................#....#
..P..)..........#...## *
...................## .*
............Y@.@#..#...#
....<.........{#@....#
>................#....#
......@.........#.....#
................ .....#
....?........... ......#
.k.............. .......
................ ..... .
................ .....#
,


You could see Rupert (berserk), an elephant and the friendly dodik's illusion.

Vanquished Creatures
  Snorg (Lair:5)
  Josephine (Lair:5)
  Erica (Lair:1)
  A catoblepas (Lair:3)
  Joseph (D:8)
  4 elephants (Lair:5)
  4 black mambas
  4 rime drakes
  7 spiny frogs
  3 komodo dragons
  A polar bear (Lair:4)
  14 blink frogs
  A redback (Lair:3)
  3 yaks (Lair:5)
  A spriggan (D:7)
  4 wraiths (Lair:5)
  4 hippogriffs
  14 water moccasins
  9 porcupines
  An ice beast (D:7)
  A sky beast (D:8)
  2 phantoms
  4 black bears (Lair:1)
  2 orc warriors
  A necrophage (D:6)
  4 wolves (Lair:4)
  3 centaurs
  9 crocodiles
  9 giant frogs
  3 scorpions
  2 vampire bats (D:8)
  An electric eel (Lair:1)
  6 howler monkeys
  A centaur zombie (D:6)
  A quasit (D:6)
  2 jellies (D:7)
  8 hounds
  A centaur skeleton (D:5)
  4 orc wizards
  5 orc priests
  6 iguanas
  6 worker ants
  14 sheep
  3 hound skeletons
  8 adders
  A howler monkey skeleton (D:4)
  46 river rats
  A shadow imp (D:6)
  3 oozes
  2 adder zombies
  3 worms
  A dart slug (D:1)
  6 giant geckos
  26 orcs
  2 ball pythons
  2 bat skeletons (D:8)
  4 bat zombies (D:8)
  4 giant cockroaches
  4 goblins
  8 hobgoblins
  23 jackals
  3 quokkas
  6 bats
  4 giant newts
  7 kobolds
  3 rats
  A bush (Lair:1)
345 creatures vanquished.

Vanquished Creatures (collateral kills)
  A giant frog (Lair:3)
1 creature vanquished.

Vanquished Creatures (others)
  An orc wizard (D:3)
  A bush (Lair:3)
  4 fungi
  3 plants
9 creatures vanquished.

Grand Total: 355 creatures vanquished

Notes
Turn   | Place    | Note
--------------------------------------------------------------
     0 | D:1      | dodik the Hill Orc Gladiator began the quest for the Orb.
     0 | D:1      | Reached XP level 1. HP: 18/18 MP: 1/1
   145 | D:1      | Reached XP level 2. HP: 11/25 MP: 2/2
   559 | D:1      | Reached skill level 5 in Axes
   961 | D:2      | Found a snail-covered altar of Cheibriados.
   969 | D:2      | Reached XP level 3. HP: 30/30 MP: 3/3
  1182 | D:2      | Found a shimmering altar of Xom.
  1456 | D:2      | Found a glowing silver altar of Zin.
  1560 | D:3      | Reached skill level 6 in Axes
  1667 | D:3      | Reached XP level 4. HP: 24/37 MP: 4/4
  1694 | D:3      | Reached skill level 7 in Axes
  1694 | D:3      | Reached XP level 5. HP: 36/42 MP: 5/5
  2071 | D:3      | You fall through a shaft for 2 floors!
  2071 | D:5      | Entered Level 5 of the Dungeon
  2102 | D:4      | Reached skill level 8 in Axes
  2122 | D:4      | Found a staircase to the Ecumenical Temple.
  2127 | Temple   | Entered the Ecumenical Temple
  2223 | Temple   | Became a worshipper of Ashenzari the Shackled
  2805 | D:3      | Reached XP level 6. HP: 41/50 MP: 6/6
  3248 | D:3      | Found an oddly glowing altar of Pakellas.
  3378 | D:4      | Reached skill level 9 in Axes
  4147 | D:4      | Reached * piety under Ashenzari
  4337 | D:4      | Reached skill level 10 in Axes
  4337 | D:4      | Reached XP level 7. HP: 50/56 MP: 7/7
  5014 | D:5      | Reached skill level 11 in Axes
  5964 | D:5      | Reached XP level 8. HP: 46/62 MP: 8/8
  5999 | D:5      | Reached skill level 12 in Axes
  6868 | D:6      | Reached skill level 13 in Axes
  7006 | D:6      | Reached skill level 1 in Armour
  7856 | D:7      | Reached XP level 9. HP: 53/69 MP: 9/9
  8411 | D:7      | Got the mace "Bath" {flame, Int+7}
  8412 | D:7      | Identified the +12 mace "Bath" {flame, Int+7} (You found it on level 7 of the Dungeon)
  8550 | D:7      | Found Cahem's Distillery.
  8560 | D:7      | Bought a potion of heal wounds for 75 gold pieces
  8560 | D:7      | Bought a potion of curing for 45 gold pieces
  8560 | D:7      | Bought a potion of berserk rage for 75 gold pieces
  8560 | D:7      | Bought a potion of might for 60 gold pieces
  8563 | D:7      | Reached skill level 14 in Axes
  8903 | D:7      | Reached skill level 5 in Fighting
  9042 | D:7      | Found an iron altar of Okawaru.
  9301 | D:8      | Noticed Joseph
  9332 | D:8      | Killed Joseph
  9598 | D:8      | Found an ancient bone altar of Kikubaaqudgha.
  9710 | D:8      | Found a burning altar of Makhleb.
  9716 | D:8      | Found a shadowy altar of Dithmenos.
  9764 | D:8      | Found a staircase to the Lair.
  9785 | D:8      | Reached skill level 15 in Axes
  9867 | D:8      | Reached XP level 10. HP: 81/81 MP: 10/10
 10090 | Lair:1   | Entered Level 1 of the Lair of Beasts
 10102 | Lair:1   | Reached skill level 5 in Armour
 10806 | Lair:1   | Noticed a black mamba
 10826 | D:8      | Killed a black mamba
 11318 | Lair:1   | Reached skill level 16 in Axes
 11365 | Lair:1   | Noticed Erica
 11380 | Lair:1   | Killed Erica
 11515 | Lair:1   | Noticed a spiny frog
 11530 | Lair:1   | Killed a spiny frog
 11787 | Lair:1   | Noticed a spiny frog
 11797 | Lair:1   | Killed a spiny frog
 11797 | Lair:1   | Reached XP level 11. HP: 84/94 MP: 11/11
 12744 | Lair:1   | Reached skill level 1 in Evocations
 12916 | Lair:1   | Got the cursed plate armour of the Raven {-Cast rElec rC+ rCorr}
 13354 | Lair:2   | Got the uncursed cloak of Watchfulness {rPois}
 13365 | Lair:2   | Identified the +1 cloak of Watchfulness {rPois} (You found it on level 2 of the Lair of Beasts)
 13431 | Lair:2   | Reached ** piety under Ashenzari
 13810 | Lair:2   | Reached skill level 17 in Axes
 15087 | Lair:3   | Found a hole to the Spider Nest.
 15105 | Lair:3   | Reached skill level 10 in Fighting
 15132 | Lair:3   | Noticed a catoblepas
 15160 | Lair:3   | Killed a catoblepas
 15479 | Lair:3   | Reached XP level 12. HP: 107/107 MP: 14/14
 15921 | Lair:4   | Reached *** piety under Ashenzari
 17295 | Lair:5   | Noticed Rupert
 17296 | Lair:5   | Paralysed by Rupert for 2 turns
 17504 | Lair:5   | Noticed Josephine
 17514 | Lair:5   | Killed Josephine
 17853 | Lair:5   | Reached skill level 18 in Axes
 17974 | Lair:5   | Noticed Snorg
 17989 | Lair:5   | Killed Snorg
 17989 | Lair:5   | Reached skill level 5 in Evocations
 18112 | Lair:5   | Paralysed by Rupert for 6 turns
 18126 | Lair:5   | HP: 5/113 [Rupert/great sword of protection (25)]
 18127 | Lair:5   | Annihilated by Rupert

Skill      XL: |  1  2  3  4  5  6  7  8  9 10 11 12 |
---------------+-------------------------------------+-----
Axes           | 5 6 7 8 10 11 13 15 16 17 18 | 18.1
Armour         | 2 4 6 8 9 |  9.5
Fighting       | 4 6 8 10 12 | 12.7
Throwing       | 2 |  2.0
Dodging        | 3 4 |  4.0
Evocations     | 3 5 |  5.1

Action                   |  1- 3 |  4- 6 |  7- 9 | 10-12 || total
-------------------------+-------+-------+-------+-------++-------
Melee: War axe           |   123 |   187 |   250 |       ||   560
       Flail             |       |       |    62 |       ||    62
       Mace              |       |       |    96 |   528 ||   624
Throw: Stone             |    16 |    43 |    55 |   125 ||   239
       Tomahawk          |     8 |     7 |    13 |     2 ||    30
       Throwing net      |     4 |     6 |     9 |       ||    19
       Javelin           |       |       |       |    48 ||    48
Invok: Curse Item        |       |       |       |     1 ||     1
Evoke: Wand              |       |       |       |    21 ||    21
       Deck              |       |       |       |     2 ||     2
  Use: Potion            |     3 |     3 |     1 |     7 ||    14
       Scroll            |       |     5 |     4 |     8 ||    17
 Stab: Sleeping          |     1 |       |       |       ||     1
       Paralysed         |       |       |       |    20 ||    20
  Eat: Chunk             |     2 |     9 |    17 |    20 ||    48
       Beef jerky        |       |       |     1 |     1 ||     2
       Meat ration       |       |       |       |     1 ||     1
Armor: Leather armour    |    48 |    64 |    70 |       ||   182
       Ring mail         |       |       |    69 |   141 ||   210
Dodge: Dodged            |    81 |   109 |   219 |   247 ||   656
